 Dungeon Sprint DCSS version 0.32-a0-918-g0f22ef8d61 (webtiles) character file.

Game seed: 3369779168052944247

46616 Revguard the Bringer of Light (level 14, 0/86 HPs)
             Began as a Vine Stalker Fighter on Apr 10, 2024.
             Was the Champion of the Shining One.
             Killed from afar by an air elemental (2 damage)
             ... with a stunning burst
             ... in the Dungeon (Sprint V: "Ziggurat Sprint") on Apr 11, 2024.
             The game lasted 00:19:45 (926 turns).

Revguard the Bringer of Light (Vine Stalker Fighter) Turns: 926, Time: 00:19:48

Health: 0/86       AC: 38    Str: 17    XL:     14   Next: 38%
Magic:  0/44       EV:  7    Int: 11    God:    the Shining One [******]
Gold:   0          SH: 51    Dex: 21    Spells: 13/13 levels left

rFire   + + +        D - +9 eudemon blade (holy)
rCold   + + .        B - +18 shield of the Gong {Loud rN+ Will+ rCorr EV-5}
rNeg    + + +        A - +15 Maxwell's patent armour {-Cast -Tele rElec Will+ rCorr}
rPois   .            S - +1 helmet {SInv}
rElec   +            x - scarf "Pyank" {rC+ rF+, MP+9 Int+3}
rCorr   +            Q - +1 pair of gloves {Dex+3}
SInv    +            (no boots)
Will    ++++.        m - amulet of Xomposm {Reflect -Tele rC+ Regen+ Str+2 SH+5} Stlth
                     E - ring of the Octopus King {HP+2 MP+9 AC+2 EV+2 SH+2}
HPRegen 1.94/turn    K - ring of Kor Naos {rF++ Will+ rCorr Str-5 Slay+5}
MPRegen 0.29/turn

%: no teleportation, no spellcasting, reflection, guardian spirit
@: divinely shielded, glowing, studying Axes
A: fangs 3, regeneration 1, magic shield, antimagic bite, no potion heal 2
a: Renounce Religion, Divine Shield, Cleansing Flame, Summon Divine Warrior


You were in the Dungeon.
You worshipped the Shining One.
The Shining One was exalted by your worship.
You visited 1 branch

Inventory:

Hand Weapons
 C - a +5 double sword
 D - a +9 eudemon blade of holy wrath (weapon)
Armour
 x - the scarf "Pyank" (worn) {rC+ rF+, MP+9 Int+3}
   (You found it in the Dungeon)

   Int+3:     It affects your intelligence (+3).
   MP+9:      It affects your magic capacity (+9).
 A - the +15 Maxwell's patent armour (worn) {-Cast -Tele rElec Will+ rCorr}
   (You found it in the Dungeon)

   rElec:     It insulates you from electricity.
   Will+:     It increases your willpower.
   -Cast:     It prevents spellcasting.
   -Tele:     It prevents most forms of teleportation.
   rCorr:     It protects you from acid and corrosion.
 B - the +18 shield of the Gong (worn) {Loud rN+ Will+ rCorr EV-5}
   (You found it in the Dungeon)

   Loud:      It is deafeningly noisy when blocking attacks.
   EV-5:      It affects your evasion (-5).
   rN+:       It protects you from negative energy.
   Will+:     It increases your willpower.
   rCorr:     It protects you from acid and corrosion.
 Q - a +1 pair of gloves of dexterity (worn)
 S - a +1 helmet of see invisible (worn)
Jewellery
 m - the amulet of Xomposm (around neck) {Reflect -Tele rC+ Regen+ Str+2 SH+5}
   (You found it in the Dungeon)

   [amulet of reflection]

   Reflect:   It reflects blocked missile attacks.
   Str+2:     It affects your strength (+2).
   rC+:       It protects you from cold.
   -Tele:     It prevents most forms of teleportation.
   Regen+:    It increases your rate of health regeneration.
   SH+5:      It affects your SH (+5).
 r - a +4 ring of protection
 E - a ring of the Octopus King (left hand) {HP+2 MP+9 AC+2 EV+2 SH+2}
   (You found it in the Dungeon)

   [ring of magical power]

   AC+2:      It affects your AC (+2).
   EV+2:      It affects your evasion (+2).
   HP+2:      It affects your health (+2).
   MP+9:      It affects your magic capacity (+9).
   SH+2:      It affects your SH (+2).
 K - the ring of Kor Naos (right hand) {rF++ Will+ rCorr Str-5 Slay+5}
   (You found it in the Dungeon)

   [ring of resist corrosion]

   Str-5:     It affects your strength (-5).
   Slay+5:    It affects your accuracy & damage with ranged weapons and melee
   (+5).
   rF++:      It greatly protects you from fire.
   Will+:     It increases your willpower.
   rCorr:     It protects you from acid and corrosion.
Wands
 b - a wand of roots (14)
 y - a wand of mindburst (24)
 z - a wand of light (26)
 H - a wand of digging (11)
 M - a wand of flame (49)
 N - a wand of paralysis (21)
 O - a wand of polymorph (20)
Scrolls
 a - a scroll of brand weapon
 c - 4 scrolls of enchant armour
 i - 4 scrolls of blinking
 n - 4 scrolls of amnesia
 o - 7 scrolls of fog
 p - 5 scrolls of identify
 q - 2 scrolls of fear
 G - 2 scrolls of enchant weapon
Potions
 d - 7 potions of might
 e - 10 potions of curing
 f - 6 potions of haste
 g - 6 potions of magic
 h - 3 potions of berserk rage
 j - 2 potions of brilliance
 k - 2 potions of invisibility
 l - 4 potions of resistance
Miscellaneous
 F - a tin of tremorstones (2/2)
 L - a phial of floods


   Skills:
 + Level 14.7 Fighting
 + Level 14.6 Long Blades
 + Level 13.1 Armour
 + Level 12.9 Dodging
 + Level 14.2 Shields
 + Level 15.1 Invocations
 + Level 14.0 Evocations


You had 13 spell levels left.
You didn't know any spells.
Your spell library contained the following spells:

 Spells                   Type           Power      Damage    Failure   Level
 Freeze                   Ice            0%         1d3       100%        1
 Magic Dart               Conj           0%         1d3       100%        1
 Summon Small Mammal      Summ           0%         N/A       100%        1
 Ensorcelled Hibernation  Hex/Ice        0%         N/A       100%        2
 Jinxbite                 Hex            0%         N/A       100%        2
 Momentum Strike          Conj/Tloc      0%         3d8       100%        2
 Searing Ray              Conj           0%         2d4       100%        2
 Call Canine Familiar     Summ           0%         N/A       100%        3
 Dazzling Flash           Conj/Hex       0%         N/A       100%        3
 Frozen Ramparts          Ice            0%         1d1       100%        3
 Inner Flame              Hex/Fire       0%         N/A       100%        3
 Ozocubu's Armour         Ice            0%         N/A       100%        3
 Passwall                 Erth           0%         N/A       100%        3
 Swiftness                Air            0%         N/A       100%        3
 Tukima's Dance           Hex            0%         N/A       100%        3
 Animate Armour           Summ/Erth      0%         N/A       100%        4
 Animate Dead             Necr           0%         N/A       100%        4
 Cause Fear               Hex            0%         N/A       100%        4
 Flame Wave               Conj/Fire      0%         2d4       100%        4
 Fulminant Prism          Conj/Alch      0%         3d5       100%        4
 Passage of Golubria      Tloc           0%         N/A       100%        4
 Sticky Flame             Fire/Alch      0%         2d4       100%        4
 Summon Blazeheart Golem  Fire/Summ      0%         N/A       100%        4
 Vhi's Electric Charge    Tloc/Air       0%         N/A       100%        4
 Arcjolt                  Conj/Air       0%         1d10      100%        5
 Fireball                 Conj/Fire      0%         3d3       100%        5
 Freezing Cloud           Conj/Ice/Air   0%         6-21      100%        5
 Iskenderun's Battlesphe  Conj           0%         2d6       100%        5
 Metabolic Englaciation   Hex/Ice        0%         N/A       100%        5
 Silence                  Hex/Air        0%         N/A       100%        5
 Summon Forest            Summ/Tloc      0%         N/A       100%        5
 Summon Mana Viper        Hex/Summ       0%         N/A       100%        5
 Yara's Violent Unravell  Hex/Alch       0%         3d3       100%        5
 Plasma Beam              Fire/Air       0%         2x1d10    100%        6
 Sculpt Simulacrum        Ice/Alch       0%         N/A       100%        6
 Summon Cactus Giant      Summ           0%         N/A       100%        6
 Ozocubu's Refrigeration  Ice            0%         4d7       100%        7
 Maxwell's Capacitive Co  Air            0%         ∞         100%        8
 Chain Lightning          Conj/Air       0%         N/A       100%        9
 Fire Storm               Conj/Fire      0%         5d1       100%        9
 Polar Vortex             Ice            0%         N/A       100%        9
 Shatter                  Erth           0%         3d5*      100%        9


Dungeon Overview and Level Annotations

Branches:
Dungeon (1/1)

Altars:
Ashenzari
Cheibriados
Dithmenos
Elyvilon
Fedhas
Gozag
Hepliaklqana
Kikubaaqudgha
Makhleb
Nemelex Xobeh
Okawaru
Qazlal
Ru
Sif Muna
Trog
Uskayaw
Vehumet
Wu Jian
Xom
Yredelemnul
Zin
The Shining One
Beogh
Jiyva
Lugonu


Innate Abilities, Weirdness & Mutations

You have razor-sharp teeth.
Your natural rate of healing is unusually fast.
When hurt, damage is shared between your health and your magic reserves.
Your bite disrupts and absorbs the magic of your enemies.
Potions cannot restore your health.


Message History

The air elemental misses your angel.
The spriggan air mage waves its arms in wide circles.
The air twists around and strikes you.
* * * LOW HITPOINT WARNING * * *
The spriggan air mage waves its arms in wide circles.
The air twists around and strikes you. You block the air elemental's attack.
GONNNNG!
The spriggan air mage hits your daeva.
Your daeva hits the air elemental with a +3 scimitar of holy wrath!!
The air elemental is destroyed!
Your angel hits the air elemental with a +2 whip of holy wrath!!
Your angel hits the air elemental with a +2 whip of holy wrath.
The wind drake flaps its wings at you. The air twists around and strikes you.
The air elemental hits your daeva.
Okay, then.
The grasping roots constrict the storm dragon!
The grasping roots constrict the wind drake!
You kill the wind drake!
The grasping roots constrict the storm dragon!
Your daeva is no longer paralysed.
The air elemental fires a burst of electricity at you.
The stunning burst hits your angel.
Your angel resists.
The stunning burst hits the air elemental.
The air elemental completely resists.
The stunning burst hits your daeva.
Your daeva is paralysed.
The stunning burst hits you but does no damage.
The air elemental completely misses your angel.
The air elemental hits your daeva but does no damage.
The storm dragon struggles to escape constriction.
The air elemental closely misses your angel.
The storm dragon breathes lightning at you.
The bolt of lightning hits you! You resist.
* * * LOW HITPOINT WARNING * * *
The wind drake flaps its wings at you. The air twists around and strikes you.
The Shining One protects you from harm!
The air elemental fires a burst of electricity at you.
The stunning burst hits your daeva. The stunning burst hits you. You resist.
You die...

...ß▓
...............▓...........
..._▓
...............▓...........
...ß▓
....C..i.......▓.....).)...
..._▓
.....DD†Ek.i...▓...........
...ß▓
.....†.EAk.....▓...........
..._▓
........E..i...▓...........
...ß▓
...▓.....Ai▓...▓...........
..._▓ . ▓.▓...A.▓.▓
.▓........... _ß_ß▓
...▓......@▓...▓......©....
▓▓▓▓▓
...............▓▓▓▓▓▓▓▓▓▓▓▓
.......©.......▓.....ß©ß...
▓▓▓▓▓▓▓▓▓▓▓▓▓▓▓▓..|.)|))...
▓..)[))|[.|. ▓..=........
▓........... ▓...........
▓......†....


You could see a titan, 2 storm dragons, 2 wind drakes, a spriggan air mage
(repels missiles), 3 air elementals, 2 friendly daevas and a friendly angel
(summoned).

Vanquished Creatures
  2 deep elf blademasters (D)
  2 deep elf master archers (D)
  A death cob (D)
  A deep elf sorcerer (D)
  3 azure jellies (D)
  2 frost giants (D)
  A ghoul (D)
  A vampire knight (D)
  A wendigo (D)
  A great orb of eyes (D)
  A boulder beetle (D)
  2 hydras (D)
  A catoblepas (D)
  A death yak (D)
  A soul eater (D)
  A deep elf knight (D)
  A skyshark (D)
  A sun moth (shapeshifter) (D)
  3 deep elf zephyrmancers (D)
  5 deep elf pyromancers (D)
  A necromancer (D)
  A draconian (D)
  An ugly thing (D)
  7 cane toads (D)
  A cane toad (shapeshifter) (D)
  5 rime drakes (D)
  4 komodo dragons (D)
  2 yaktaurs (D)
  A freezing wraith (D)
  A tormentor (D)
  2 polar bears (D)
  A wind drake (D)
  5 blink frogs (D)
  A dream sheep (D)
  6 slime creatures (D)
  4 air elementals (D)
  2 shadows (D)
  3 yaks (D)
  A yak (shapeshifter) (D)
  A water elemental (D)
  A golden eye (D)
  2 steam dragons (D)
  13 water moccasins (D)
  A hell hound (D)
  A laughing skull (D)
  A bullfrog (D)
  2 quasits (D)
  2 jellies (D)
  2 adders (D)
  A white imp (D)
  4 ufetubi (D)
  An adder zombie (D)
  2 bat skeletons (D)
  A bat zombie (D)
  3 endoplasms (D)
  3 ball python simulacra (D)
  A giant cockroach zombie (D)
123 creatures vanquished.

Vanquished Creatures (collateral kills)
  A titan (D)
  A sphinx (D)
  A deep elf elementalist (D)
  A nargun (D)
  A dire elephant (D)
  A vault guard (D)
  A harpy (shapeshifter) (D)
  2 necromancers (D)
  2 deep elf pyromancers (D)
  A shining eye (D)
  4 draconians (D)
  A meliai (shapeshifter) (D)
  A vault sentinel (D)
  2 naga magi (D)
  6 cane toads (D)
  A black mamba (D)
  2 komodo dragons (D)
  A wind drake (D)
  An air elemental (D)
  A vampire (D)
  A neqoxec (D)
  A basilisk (D)
  5 water moccasins (D)
  A wolf (D)
  2 bullfrogs (D)
  3 adders (D)
  An adder zombie (D)
  A bat zombie (D)
  A ball python zombie (D)
  2 bat simulacra (D)
50 creatures vanquished.

Vanquished Creatures (others)
  An adder simulacrum (D)
1 creature vanquished.

Grand Total: 174 creatures vanquished

Notes
Turn   | Place    | Note
-------+----------+-------------------------------------------
     0 | D        | Revguard the Vine Stalker Fighter began the quest for the
                  | Orb.
     0 | D        | Reached XP level 1. HP: 11/11 MP: 2/2
     0 | D        | Found a shimmering blue altar of Sif Muna.
     0 | D        | Found a sacrificial altar of Ru.
     0 | D        | Found a bloodstained altar of Trog.
     0 | D        | Found a stormy altar of Qazlal.
     0 | D        | Found an iron altar of Okawaru.
     0 | D        | Found a sparkling altar of Nemelex Xobeh.
     0 | D        | Found a blossoming altar of Fedhas.
     0 | D        | Found the +6 Majin-Bo {spellvamp, MP+6 Int+6}
     0 | D        | Found the +27 heavy crossbow "Sniper" {heavy, Acc+∞ SInv}
     0 | D        | Found the +10 dark maul {heavy}
     0 | D        | Found the +15 Maxwell's patent armour {-Cast -Tele rElec
                  | Will+ rCorr}
     0 | D        | Found the +18 shield of the Gong {Loud rN+ Will+ rCorr
                  | EV-5}
     0 | D        | Found the +16 obsidian axe {drain, demonic, Mesm ^Drain Fly
                  | SInv}
     0 | D        | Found the +7 great mace "Firestarter" {flame, immolate,
                  | rFlCloud rF++}
     0 | D        | Found the +6 shillelagh "Devastator" {shatter}
     0 | D        | Found the +11 plutonium sword {^Contam Stlth-}
     0 | D        | Found the +8 lance "Wyrmbane" {slay drac, rPois rF+ rC+
                  | AC+3}
     0 | D        | Found the +9 sword of Zonguldrok {reap}
     0 | D        | Found the +13 scythe of Curses {drain, curses, ^Drain}
     0 | D        | Found the +9 sword of Power {lifebolt}
     0 | D        | Found the +7 mace of Variability {chaos, chaos arc}
     0 | D        | Found the +11 Singing Sword {sonic wave}
     0 | D        | Found the +8 storm bow {elec, penet}
     2 | D        | Found a transporter.
     2 | D        | Found an ancient bone altar of Kikubaaqudgha.
     2 | D        | Found a viscous altar of Jiyva.
     2 | D        | Found a corrupted altar of Lugonu.
     2 | D        | Found a hazy altar of Hepliaklqana.
     2 | D        | Found a burning altar of Makhleb.
     2 | D        | Found an opulent altar of Gozag.
    64 | D        | Became a worshipper of the Shining One
    66 | D        | Reached skill level 2 in Invocations
    66 | D        | Reached XP level 2. HP: 17/17 MP: 2/4
    78 | D        | Entered arena 2.
    78 | D        | Noticed a slime creature
    78 | D        | Found a transporter.
    84 | D        | Killed a slime creature
    85 | D        | Reached skill level 4 in Invocations
    85 | D        | Reached XP level 3. HP: 10/22 MP: 2/7
    85 | D        | Reached XP level 4. HP: 11/26 MP: 2/8
    85 | D        | Reached XP level 5. HP: 13/30 MP: 2/9
    86 | D        | Reached skill level 5 in Fighting
   145 | D        | Entered arena 3.
   145 | D        | Noticed a steam dragon
   145 | D        | Noticed a steam dragon
   145 | D        | Reached * piety under the Shining One
   145 | D        | Noticed a rime drake
   145 | D        | Found a transporter.
   149 | D        | Killed a rime drake
   150 | D        | Reached skill level 5 in Long Blades
   150 | D        | Reached skill level 5 in Armour
   150 | D        | Reached skill level 5 in Shields
   150 | D        | Reached skill level 5 in Invocations
   150 | D        | Reached XP level 6. HP: 25/36 MP: 6/11
   150 | D        | Reached XP level 7. HP: 27/39 MP: 6/12
   152 | D        | Killed a steam dragon
   153 | D        | Reached skill level 5 in Evocations
   157 | D        | Killed a steam dragon
   158 | D        | Reached skill level 5 in Dodging
   158 | D        | Reached skill level 6 in Invocations
   162 | D        | Got the Guidebook on the Nimbus
   166 | D        | Entered arena 4.
   166 | D        | Reached ** piety under the Shining One
   166 | D        | Found a transporter.
   170 | D        | Reached *** piety under the Shining One
   173 | D        | Reached **** piety under the Shining One
   176 | D        | Got the Vademecum on Anathema and the Crevasse
   179 | D        | Entered arena 5.
   179 | D        | Reached ***** piety under the Shining One
   179 | D        | Found a transporter.
   186 | D        | Gained mutation: You have razor-sharp teeth. [Vine Stalker
                  | growth]
   186 | D        | Reached XP level 8. HP: 38/45 MP: 13/13
   198 | D        | Got The Foundations of the Magician's Craft
   200 | D        | Entered arena 6.
   200 | D        | Noticed a soul eater
   200 | D        | Reached ****** piety under the Shining One
   200 | D        | Found a transporter.
   219 | D        | Killed a soul eater
   220 | D        | Reached skill level 7 in Invocations
   228 | D        | Identified a +7 eudemon blade of holy wrath (a +5 demon
                  | blade blessed by the Shining One)
   228 | D        | Received a gift from the Shining One
   297 | D        | Entered arena 7.
   297 | D        | Noticed a draconian
   297 | D        | Noticed a draconian
   297 | D        | Noticed a draconian
   297 | D        | Noticed a draconian
   297 | D        | Noticed a draconian
   297 | D        | Noticed a death cob
   306 | D        | Killed a draconian
   307 | D        | Reached XP level 9. HP: 30/51 MP: 4/15
   308 | D        | Killed a death cob
   309 | D        | Reached skill level 8 in Invocations
   309 | D        | Killed a draconian
   310 | D        | Reached XP level 10. HP: 46/57 MP: 6/17
   312 | D        | Killed a draconian
   313 | D        | Killed a draconian
   317 | D        | Killed a draconian
   318 | D        | Reached skill level 9 in Invocations
   318 | D        | Found a transporter.
   324 | D        | Got the amulet of Xomposm {Reflect -Tele rC+ Regen+ Str+2
                  | SH+5}
   334 | D        | Entered arena 8.
   334 | D        | Noticed a vault guard
   334 | D        | Noticed a sphinx
   334 | D        | Noticed a dire elephant
   334 | D        | Noticed a vault sentinel
   335 | D        | Found a transporter.
   349 | D        | Killed a vault sentinel
   352 | D        | Killed a vault guard
   355 | D        | Killed a dire elephant
   356 | D        | Reached XP level 11. HP: 47/63 MP: 19/19
   359 | D        | Killed a sphinx
   360 | D        | Reached skill level 10 in Fighting
   360 | D        | Reached skill level 10 in Long Blades
   360 | D        | Reached skill level 10 in Invocations
   379 | D        | Entered arena 9.
   379 | D        | Noticed a deep elf pyromancer
   379 | D        | Noticed a deep elf knight
   379 | D        | Noticed a deep elf pyromancer
   379 | D        | Noticed a deep elf zephyrmancer
   379 | D        | Noticed a deep elf pyromancer
   379 | D        | Noticed a deep elf pyromancer
   380 | D        | Found a transporter.
   384 | D        | Killed a deep elf zephyrmancer
   386 | D        | Killed a deep elf knight
   387 | D        | Reached skill level 10 in Shields
   387 | D        | Killed a deep elf pyromancer
   389 | D        | Killed a deep elf pyromancer
   393 | D        | Killed a deep elf pyromancer
   396 | D        | Killed a deep elf pyromancer
   397 | D        | Reached skill level 10 in Evocations
   409 | D        | Entered arena 10.
   409 | D        | Noticed an entropy weaver
   409 | D        | Noticed a red ugly thing
   409 | D        | Noticed a shining eye
   409 | D        | Noticed a harpy
   410 | D        | Found a transporter.
   411 | D        | an entropy weaver changed into an unseen horror
   412 | D        | Killed a harpy
   413 | D        | Reached skill level 11 in Invocations
   413 | D        | a shapeshifter changed into a sun moth
   413 | D        | Noticed a sun moth (shapeshifter)
   418 | D        | Killed a red ugly thing
   421 | D        | Killed a sun moth
   426 | D        | Killed a shining eye
   427 | D        | Reached skill level 10 in Armour
   427 | D        | Reached XP level 12. HP: 70/70 MP: 21/21
   432 | D        | Got the ring of Kor Naos {rF++ Will+ rCorr Str-5 Slay+5}
   444 | D        | Entered arena 11.
   445 | D        | Found a transporter.
   473 | D        | Entered arena 12.
   473 | D        | Noticed a death yak
   475 | D        | Found a transporter.
   483 | D        | Killed a death yak
   486 | D        | Reached skill level 10 in Dodging
   495 | D        | Reached skill level 12 in Invocations
   515 | D        | Entered arena 13.
   515 | D        | Noticed a deep elf elementalist
   515 | D        | Noticed a deep elf master archer
   515 | D        | Noticed a deep elf blademaster
   515 | D        | Noticed a deep elf master archer
   516 | D        | Noticed a deep elf blademaster
   516 | D        | Identified the +1 robe of Intercession {rC+ rN+}
   516 | D        | Noticed a deep elf sorcerer
   518 | D        | Found a transporter.
   521 | D        | Killed a deep elf blademaster
   521 | D        | Killed a deep elf sorcerer
   522 | D        | Killed a deep elf master archer
   523 | D        | Killed a deep elf elementalist
   524 | D        | Killed a deep elf master archer
   525 | D        | Reached XP level 13. HP: 68/76 MP: 3/23
   529 | D        | Killed a deep elf blademaster
   530 | D        | Reached skill level 13 in Invocations
   565 | D        | Entered arena 14.
   567 | D        | Noticed a great orb of eyes
   568 | D        | Found a transporter.
   582 | D        | Killed a great orb of eyes
   610 | D        | Got the ring "Bawopsudont" {rC+ rCorr Str+6 Int+2 Dex-4}
   620 | D        | Entered arena 15.
   621 | D        | Found the +4 skin of Zhor {*Englaciate rC+++ SInv}
   621 | D        | Noticed a ghoul
   622 | D        | Noticed a vampire knight
   625 | D        | Found a transporter.
   631 | D        | Killed a ghoul
   639 | D        | Killed a vampire knight
   657 | D        | Got the ring "Pury Zya" {Ice rElec Str-5 Slay+2}
   663 | D        | Entered arena 16.
   665 | D        | Found the +7 Spriggan's Knife {stab, EV+4 Stlth+}
   666 | D        | Found a transporter.
   713 | D        | Got the ring "Waril" {rN+ Int+3}
   717 | D        | Got the scarf "Pyank" {rC+ rF+, MP+9 Int+3}
   742 | D        | Entered arena 17.
   745 | D        | Noticed a nargun
   745 | D        | Noticed an azure jelly
   745 | D        | Noticed a frost giant
   745 | D        | Noticed an azure jelly
   745 | D        | Found the ring of the Octopus King {HP+2 MP+9 AC+2 EV+2
                  | SH+2}
   745 | D        | Noticed a wendigo
   745 | D        | Noticed an azure jelly
   746 | D        | Noticed a frost giant
   749 | D        | Found a transporter.
   750 | D        | Killed an azure jelly
   750 | D        | Killed a frost giant
   751 | D        | Reached skill level 14 in Invocations
   752 | D        | Killed an azure jelly
   752 | D        | Killed an azure jelly
   752 | D        | Killed a frost giant
   752 | D        | Killed a wendigo
   754 | D        | Killed a nargun
   763 | D        | Got a ring of the Octopus King {HP+2 MP+9 AC+2 EV+2 SH+2}
   790 | D        | Entered arena 18.
   795 | D        | Found a transporter.
   809 | D        | Reached XP level 14. HP: 52/84 MP: 25/25
   839 | D        | Got the ring "Vaqim" {AC+4 Int+4 Dex+5}
   870 | D        | Entered arena 19.
   875 | D        | Found a transporter.
   890 | D        | Reached skill level 15 in Invocations
   906 | D        | Got the Vademecum on the Barrage
   913 | D        | Entered arena 20.
   918 | D        | Noticed a titan
   918 | D        | Noticed a storm dragon
   918 | D        | Noticed a titan
   918 | D        | Paralysed by an air elemental for 1 turns
   919 | D        | Noticed a storm dragon
   920 | D        | Noticed a titan
   922 | D        | Paralysed by an air elemental for 1 turns
   923 | D        | Killed a titan
   925 | D        | The Shining One protects you from harm!
   926 | D        | HP: 2/86 [storm dragon/bolt of lightning (8)]
   926 | D        | The Shining One protects you from harm!
   926 | D        | Killed from afar by an air elemental

Illustrated notes

Levels and vault maps discovered:
D:        sprint_v [room_start, room_1, room_2, room_3, room_4, room_5, room_6,
          room_7, room_8, room_9, room_10, room_11, room_12, room_13, room_14,
          room_15, room_16, room_17, room_18, room_19, room_20, room_21,
          room_22, room_23, room_24, room_25, room_26, room_27]

Skill      XL: |  1  2  3  4  5  6  7  8  9 10 11 12 13 14 |
---------------+-------------------------------------------+-----
Fighting       | 3 4 5 6 7 8 9 11 12 14 | 14.7
Long Blades    | 3 4 5 6 7 8 9 11 12 13 14 | 14.6
Armour         | 3 4 5 6 7 8 10 11 12 13 | 13.1
Dodging        | 2 3 4 5 6 7 8 9 10 12 | 12.9
Shields        | 3 4 5 6 7 8 9 10 12 13 14 | 14.2
Invocations    | 2 4 5 6 7 8 9 11 12 14 15 | 15.1
Evocations     | 2 3 4 5 6 7 9 10 11 13 14 | 14.0

Action                     |  1- 3 |  4- 6 |  7- 9 | 10-12 | 13-15 || total
---------------------------+-------+-------+-------+-------+-------++-------
  Melee: Double sword      |     5 |     3 |    37 |       |       ||    45
         Bite              |     3 |     1 |    18 |    39 |    58 ||   119
         Eudemon blade     |       |       |     7 |    72 |   135 ||   214
 Invoke: Cleansing Flame   |       |       |     2 |     3 |     5 ||    10
         Summon Divine War |       |       |     1 |     1 |     4 ||     6
         Divine Shield     |       |       |     1 |     1 |     2 ||     4
         Brand Weapon With |       |       |     1 |       |       ||     1
  Evoke: Wand              |       |     1 |       |     4 |     3 ||     8
    Use: Potion            |     1 |       |       |       |     1 ||     2
         Scroll            |       |       |       |     2 |       ||     2
 Armour: Plate armour      |     4 |     4 |   135 |    44 |   168 ||   355
  Dodge: Dodged            |       |       |    34 |    15 |    38 ||    87
  Block: Kite shield       |    11 |     5 |   111 |   163 |   275 ||   565
         Reflection        |       |       |       |    10 |       ||    10

Table legend: (Time is in decaauts)
 A = Elapsed time spent in this place.
 B = Non-inter-level travel time spent in this place.
 C = Inter-level travel time spent in this place.
 D = Time resting spent in this place.
 E = Time spent auto-exploring this place.
 F = Levels seen in this place.
 G = Mean time per level.
                   A        B        C        D        E       F      G
               +--------+--------+--------+--------+--------+-----+--------+
         Total |    873 |    873 |      0 |    120 |      3 |   1 |  873.0 |
       Dungeon |    873 |    873 |      0 |    120 |      3 |   1 |  873.0 |
               +--------+--------+--------+--------+--------+-----+--------+

Top non-repeatable levels by time:
       D: 873 daAuts
